 Dungeon Crawl Stone Soup version 0.29-a0-284-gf9362112df (webtiles) character file.

Game seed: 12420347692417868774

1015 snetch the Chopper (level 8, -12/69 HPs)
             Began as a Hill Orc Fighter on Mar 25, 2022.
             Mangled by an ogre
             ... wielding a +0 giant spiked club
              (13 damage)
             ... on level 5 of the Dungeon.
             The game lasted 00:10:23 (4814 turns).

snetch the Chopper (Hill Orc Fighter)               Turns: 4814, Time: 00:10:23

Health: -12/69     AC: 11    Str: 21    XL:     8   Next: 21%
Magic:  8/8        EV: 12    Int:  8    God:
Gold:   194        SH:  4    Dex: 10    Spells: 7/7 levels left

rFire   + . .      SeeInvis .   a - +0 war axe
rCold   . . .      Faith    .   c - +0 buckler
rNeg    . . .      Spirit   .   n - +0 chain mail
rPois   .          Reflect  .   (no helmet)
rElec   .          Harm     .   (no cloak)
rCorr   .          Rampage  .   H - +0 pair of gloves
Will    .....                   (no boots)
Stlth   ..........              p - amulet of the acrobat
HPRegen 0.21/turn               j - ring of protection from fire
MPRegen 0.11/turn               F - +4 ring of evasion

@: no status effects
A: no striking features
a: no special abilities


You were on level 5 of the Dungeon.
You visited 1 branch of the dungeon, and saw 5 of its levels.
You also visited: Sewer.

You collected 194 gold pieces.

Inventory:

Hand Weapons
 a - a +0 war axe (weapon)
 q - a +2 short sword of electrocution
 B - a +2 short sword of venom
 D - a +0 trident
Missiles
 l - 125 stones
 m - 14 poisoned darts
 r - a curare-tipped dart
 x - 3 throwing nets
Armour
 c - a +0 buckler (worn)
 n - a +0 chain mail (worn)
 z - a +0 leather armour of poison resistance
 H - a +0 pair of gloves (worn)
Magical Staves
 g - a staff of poison
 C - a staff of poison
Jewellery
 j - a ring of protection from fire (left hand)
 p - an amulet of the acrobat (around neck)
 F - a +4 ring of evasion (right hand)
Wands
 G - a wand of flame (13) (quivered)
Scrolls
 b - a scroll of holy word {unknown}
 e - 5 scrolls of amnesia {unknown}
 f - 2 scrolls of enchant armour {unknown}
 v - 4 scrolls of identify {unknown}
 w - a scroll of teleportation {unknown}
 y - 3 scrolls of magic mapping {unknown}
Potions
 d - a potion of might
 h - 2 potions of lignification {unknown}
 i - a potion of cancellation {unknown}
 k - a potion of haste {unknown}
 o - 2 potions of curing
 s - 4 potions of flight
 t - 2 potions of heal wounds
 u - a potion of ambrosia {unknown}
 A - a potion of attraction {unknown}
 E - a potion of degeneration {unknown}
 I - a potion of brilliance {unknown}


   Skills:
 + Level 5.6 Fighting
 + Level 7.8 Axes
 + Level 6.6 Armour
 + Level 1.5 Dodging
 + Level 0.4 Stealth
 + Level 4.3 Shields


You had 7 spell levels left.
You didn't know any spells.
Your spell library contained the following spells:

 Spells                   Type           Power      Damage    Failure   Level
 Corpse Rot               Necr/Air       0%         N/A       100%        2
 Poisonous Vapours        Pois/Air       0%         N/A       100%        2
 Ozocubu's Armour         Ice            0%         N/A       100%        3
 Metabolic Englaciation   Hex/Ice        0%         N/A       100%        5
 Simulacrum               Ice/Necr       0%         N/A       100%        6


Dungeon Overview and Level Annotations

Branches:
Dungeon (5/15)              Sewer (visited)
 Temple: D:4-7

Altars:
Fedhas

Shops:
D:1 :


Message History

You feel sick.
You finish putting on your +0 pair of gloves.
You feel sick.
You are no longer poisoned.
You see here a scorpion corpse.
Things that are here:
a +0 halberd; a gnoll corpse
I - a murky orange potion You see here a +0 flail.
You see here a +0 club.
Things that are here:
a +0 halberd; a gnoll corpse You see here a +0 club.
l - 125 stones (gained 21)
An ogre is nearby!
The ogre shouts!
You hit the ogre.
The ogre is lightly wounded.
You block the ogre's attack.
You hit the ogre.
The ogre is lightly wounded.
You barely miss the ogre.
The ogre is lightly wounded.
The ogre hits you with a +0 giant spiked club!!
You slash the ogre!
The ogre is severely wounded.
The ogre hits you with a +0 giant spiked club!
You barely miss the ogre.
The ogre is severely wounded.
The ogre closely misses you.
You completely miss the ogre.
The ogre is severely wounded.
You barely miss the ogre.
The ogre is severely wounded.
The ogre hits you with a +0 giant spiked club!!
* * * LOW HITPOINT WARNING * * *
You hit the ogre.
The ogre is severely wounded.
The ogre hits you with a +0 giant spiked club!
You die...

..................###
..........).........#
..................#.#
..........))......#.#
...........†).....# #
..................#
..#..............#
#................
#.......@O........
#.................
#..............#..
#..............#
#..............#
#####.###+###..# #.#
..# #.# ##


You could see an ogre.

Vanquished Creatures
  Sigmund (D:2)
  A black bear (D:2)
  2 kobold brigands (Sewer)
  3 scorpions
  A howler monkey (D:5)
  2 jellies (D:5)
  4 iguanas
  4 gnolls (D:5)
  10 adders
  5 river rats (Sewer)
  3 worms
  2 dart slugs (D:1)
  2 orcs
  7 bats
  9 endoplasms
  2 giant cockroaches
  5 hobgoblins
  6 jackals
  12 kobolds
  3 quokkas
  4 ball pythons
  3 frilled lizards
  9 goblins
  3 rats
103 creatures vanquished.

Notes
Turn   | Place    | Note
-------+----------+-------------------------------------------
     0 | D:1      | snetch the Hill Orc Fighter began the quest for the Orb.
     0 | D:1      | Reached XP level 1. HP: 19/19 MP: 1/1
   170 | D:1      | Reached XP level 2. HP: 19/27 MP: 2/2
   458 | D:1      | Found Yxkepny's Book Boutique.
   558 | D:1      | Reached skill level 3 in Axes
   574 | D:1      | Reached XP level 3. HP: 32/33 MP: 3/3
   681 | D:1      | Found a faded altar of an unknown god.
  1101 | D:4      | Noticed a scorpion
  1111 | D:4      | Killed a scorpion
  1112 | D:4      | Reached XP level 4. HP: 21/40 MP: 4/4
  1153 | D:4      | Reached skill level 4 in Axes
  1362 | D:4      | Found a blossoming altar of Fedhas.
  1376 | D:4      | Found a glowing drain.
  1391 | Sewer    | Entered a sewer
  1402 | Sewer    | Reached XP level 5. HP: 34/46 MP: 5/5
  1414 | Sewer    | Reached skill level 1 in Dodging
  1628 | Sewer    | Noticed a kobold brigand
  1629 | Sewer    | Noticed a kobold brigand
  1643 | Sewer    | Killed a kobold brigand
  1644 | Sewer    | Reached skill level 5 in Axes
  1644 | Sewer    | Reached XP level 6. HP: 15/53 MP: 6/6
  1648 | Sewer    | Reached skill level 5 in Armour
  1935 | Sewer    | Found a white marble altar of Elyvilon.
  1996 | D:5      | Entered Level 5 of the Dungeon
  2195 | D:5      | HP: 1/53 [iguana (3)]
  2519 | D:5      | Reached XP level 7. HP: 53/60 MP: 7/7
  3096 | D:2      | Reached skill level 6 in Axes
  3197 | D:2      | Reached skill level 5 in Fighting
  3635 | D:2      | Noticed Sigmund
  3654 | D:2      | Killed Sigmund
  3655 | D:2      | Reached skill level 7 in Axes
  4601 | D:5      | Reached XP level 8. HP: 62/69 MP: 8/8
  4813 | D:5      | HP: 1/69 [ogre/+0 giant spiked club (32)]
  4814 | D:5      | Mangled by an ogre

Illustrated notes

Levels and vault maps discovered:
D:1:      matt_arrival_grand_opening, layout_basic, serial_shops,
          nicolae_shop_statue_plus, basic_ecumenical_altar
D:2:      minmay_inner_zag, layout_loops_cross, minmay_close_crescents,
          uniq_sigmund
D:3:      layout_rooms
D:4:      old_forge, layout_basic, lemuel_crystal_altar, portal_sewer_entry_d,
          uniq_grinder
D:5:      layout_basic, lemuel_doored_altar, kennysheep_dice

Skill      XL: |  1  2  3  4  5  6  7 |
---------------+----------------------+-----
Axes           | 3 4 5 7 |  7.8
Fighting       | 4 5 |  5.6
Armour         | 4 5 6 |  6.6
Dodging        | 1 |  1.5
Shields        | 4 |  4.3
Stealth        | |  0.4

Action                   |  1- 3 |  4- 6 |  7- 9 || total
-------------------------+-------+-------+-------++-------
Melee: War axe           |    76 |    74 |   174 ||   324
Throw: Dart              |     3 |     6 |       ||     9
Armor: Scale mail        |    37 |    31 |    34 ||   102
       Chain mail        |       |       |    60 ||    60
Dodge: Dodged            |    37 |    40 |   139 ||   216
Block: Buckler           |    28 |    11 |    43 ||    82

Table legend: (Time is in decaauts)
 A = Elapsed time spent in this place.
 B = Non-inter-level travel time spent in this place.
 C = Inter-level travel time spent in this place.
 D = Time resting spent in this place.
 E = Time spent auto-exploring this place.
 F = Levels seen in this place.
 G = Mean time per level.
                   A        B        C        D        E       F      G
               +--------+--------+--------+--------+--------+-----+--------+
         Total |   4941 |   4627 |    314 |    181 |   3126 |   6 |  823.5 |
       Dungeon |   4319 |   4005 |    314 |    181 |   2589 |   5 |  863.8 |
         Sewer |    622 |    622 |      0 |      0 |    537 |   1 |  622.0 |
               +--------+--------+--------+--------+--------+-----+--------+

Top non-repeatable levels by time:
     D:2: 1264 daAuts
     D:1: 937 daAuts
     D:5: 816 daAuts
     D:3: 704 daAuts
   Sewer: 622 daAuts
     D:4: 596 daAuts
